 Dungeon Crawl Stone Soup version 0.30-a0-883-g5ad918d77d (console) character file.

Game seed: 5968760860053258243

5694 petzl the Covert (level 11, 0/81 HPs)
             Began as a Formicid Delver on Mar 17, 2023.
             Was a Believer of Vehumet.
             Killed by miscasting Sticky Flame (13 damage)
             ... on level 8 of the Dungeon.
             The game lasted 01:11:03 (9327 turns).

petzl the Covert (Formicid Delver)                  Turns: 9327, Time: 01:11:04

Health: 0/81       AC:  7    Str: 18    XL:     11   Next: 4%
Magic:  11/20      EV: 11    Int: 13    God:    Vehumet [**....]
Gold:   413        SH:  0    Dex: 15    Spells: 11/23 levels left

rFire   . . .      SeeInvis +    c - +1 flail (protect)
rCold   . . .      Faith    .    (no shield)
rNeg    . . .      Spirit   .    B - +2 ring mail {rPois}
rPois   +          Reflect  .    (helmet unavailable)
rElec   .          Rampage  .    (no cloak)
rCorr   .                        (no gloves)
Will    +....                    (no boots)
Stlth   +++                      D - amulet of regeneration
HPRegen 1.13/turn                (no ring)
MPRegen 0.17/turn                (no ring)

@: very slightly contaminated
A: permanent stasis, dig shafts and tunnels, antennae 3, four strong arms
a: Dig, Shaft Self, Renounce Religion


You were on level 8 of the Dungeon.
You worshipped Vehumet.
Vehumet was pleased with you.
You visited 2 branches of the dungeon, and saw 11 of its levels.

You collected 429 gold pieces.
You spent 16 gold pieces at shops.

Inventory:

Hand Weapons
 a - a +1 shortbow of freezing
 b - a +1 dagger of venom {!f =f}
 c - a +1 flail of protection (weapon)
 d - a +4 sling
 e - a +0 sling of freezing
 f - a +2 long sword of flaming
Missiles
 w - 3 throwing nets
 y - 36 poisoned darts
 K - 5 javelins
 M - a curare-tipped dart
Armour
 B - a +2 ring mail of poison resistance (worn)
 C - the +0 robe of the Vacuum {+Inv rC++ Regen+ Dex-2}
   (You found it on level 4 of the Dungeon)

   Dex:       It affects your dexterity (-2).
   rC:        It greatly protects you from cold.
   +Inv:      It lets you turn invisible.
   Regen:     It increases your rate of health regeneration.
 G - a +0 kite shield
Jewellery
 g - the Hermit's Pendant {Faith Invo=14 Evo=0 MP+5}
   (You found it on level 7 of the Dungeon)

   [amulet of faith]

   Invo=14: It sets your Invocations skill to 14.
   Evo=0: It sets your Evocations skill to 0.
   It allows you to gain divine favour quickly.
   MP:        It affects your magic capacity (+5).
 k - the ring "Miotoc" {Fire Int+5 Dex-3}
   (You found it on level 3 of the Dungeon)

   [ring of fire]

   It enhances your fire magic.
   Int:       It affects your intelligence (+5).
   Dex:       It affects your dexterity (-3).
   rF:        It protects you from fire.
   rC:        It makes you vulnerable to cold.
 D - an amulet of regeneration (around neck)
 I - a ring of flight
Wands
 j - a wand of light (10)
 L - a wand of digging (3)
Scrolls
 i - 3 scrolls of butterflies
 l - a scroll of fog
 m - a scroll of torment
 n - 2 scrolls of vulnerability
 o - 2 scrolls of amnesia
 q - a scroll of fear
 s - 3 scrolls of enchant armour
 t - a scroll of silence
 v - 2 scrolls of immolation
 x - a scroll of poison
 J - a scroll of magic mapping
Potions
 h - a potion of flight {unknown}
 p - 3 potions of curing
 r - 5 potions of brilliance
 u - 2 potions of attraction {unknown}
 z - 3 potions of mutation {unknown}
 E - a potion of might {unknown}
 F - 2 potions of magic {unknown}
 H - 2 potions of cancellation {unknown}


   Skills:
 - Level 5.8 Fighting
 - Level 2.2 Maces & Flails
 - Level 3.9 Ranged Weapons
 - Level 2.0 Dodging
 - Level 8.4 Stealth
 - Level 4.0 Shields
 + Level 6.5 Spellcasting
 * Level 6.3 Conjurations
 + Level 6.3 Fire Magic
 - Level 3.6 Ice Magic
 - Level 3.0 Air Magic
 - Level 4.0 Poison Magic


You had 11 spell levels left.
You knew the following spells:

 Your Spells              Type           Power      Damage    Failure   Level
a - Poisonous Vapours     Pois/Air       26%        N/A       11%         2
c - Sting                 Tmut/Pois      36%        1d4       13%         1
l - Freezing Cloud        Conj/Ice/Air   7%         6-21      78%         5
s - Sticky Flame          Conj/Fire      20%        2d4       21%         4

Your spell library contained the following spells:

 Spells                   Type           Power      Damage    Failure   Level
 Static Discharge         Conj/Air       32%        2-4/arc   6%          2
 Ignite Poison            Fire/Tmut/Pois 13%        N/A       21%         3
 Kindle Blastsparks       Fire/Tloc/Air  24%        2d12      24%         3
 Olgreb's Toxic Radiance  Pois           14%        N/A       50%         4
 Call Canine Familiar     Summ           4%         N/A       65%         3
 Portal Projectile        Hex/Tloc       8%         N/A       65%         3
 Leda's Liquefaction      Hex/Erth       2%         N/A       96%         4
 Manifold Assault         Tloc           4%         N/A       96%         4
 Dispersal                Tloc           2%         N/A       100%        6
 Disjunction              Tloc           2%         N/A       100%        8
 Ignition                 Fire           10%        3d5       100%        8


Dungeon Overview and Level Annotations

Branches:
Dungeon (10/15)            Temple (1/1) D:4
   Lair: D:8-11         Orc: D:9-12

Altars:
Ashenzari
Cheibriados
Dithmenos
Elyvilon
Fedhas
Gozag
Hepliaklqana
Kikubaaqudgha
Makhleb
Nemelex Xobeh
Okawaru
Qazlal
Ru
Sif Muna
Trog
Uskayaw
Vehumet
Wu Jian
Xom
Yredelemnul
Zin
The Shining One

Shops:
D:7 ((!=(

Annotations:
D:4 Eustachio
D:8 exclusion: downstairs
D:9 exclusions: downstairs, kobold and kobold demonologist


Innate Abilities, Weirdness & Mutations

You cannot be hasted, slowed, berserked, paralysed or teleported.
You can dig through walls and to a lower floor.
You have a pair of large antennae on your head. (SInv)
Your four strong arms can wield two-handed weapons with a shield.


Message History

The wyvern bites you!
You barely miss the wyvern.
The wyvern is moderately wounded.
The wyvern burns!
The wyvern bites you. The wyvern bites you!
You sock the wyvern!
The wyvern is almost dead.
The wyvern burns!
The wyvern bites you! x2
* * * LOW HITPOINT WARNING * * *
You feel better.
The wyvern burns!
You kill the wyvern!
Vehumet accepts your kill.
You feel your power returning.
Casting: Sticky Flame (dangerous; 21% risk of failure)
Confirm with . or Enter, or press ? or * to list all spells.
Aiming: Sticky Flame (dangerous; 21% risk of failure)
Press: ? - help, Shift-Dir - straight line, f - yak
Aim: a yak The sticky flame hits the yak.
The yak is lightly wounded.
The yak is covered in liquid flames!
The yak burns!
The yak gores you.
* * * LOW HITPOINT WARNING * * *
You hit the yak.
The yak is moderately wounded.
The yak burns! x2; The yak stops burning.
The yak gores you but does no damage. The yak gores you!
* * * LOW HITPOINT WARNING * * *
You barely miss the yak.
The yak is heavily wounded.
The yak gores you!
* * * LOW HITPOINT WARNING * * *
You feel better. The yak closely misses you.
Casting: Sticky Flame (dangerous; 21% risk of failure)
Confirm with . or Enter, or press ? or * to list all spells.
Aiming: Sticky Flame (dangerous; 21% risk of failure)
Press: ? - help, Shift-Dir - straight line, f/p - yak
Aim: a yak (heavily wounded)
You miscast Sticky Flame.
You are very lightly contaminated with residual magic.
You feel a strange surge of energy!
You die...

###.#.†~~~≈≈≈≈≈≈≈~~~~.
.##.#.~♣~~≈≈≈≈≈≈≈~~♣♣#
.##...~~P~~≈≈≈≈≈≈≈~P
.#####~♣♣~≈≈≈≈≈≈≈~P♣
...##.~♣P~~≈≈≈≈≈~~~~
......>~♣P≈≈≈≈≈≈P~~♣
.......♣~~P~≈≈≈~P~♣~
...####~♣~~♣~≈≈~~~~~ .#.#
#♣♣~~~~~~~♣~P~ ...##
#♣♣~~~~~~~~♣ .#..##
#~~~~♣~~♣~♣♣ .##..#
#.♣~~~~~~P♣
...#.###..~~~♣~~~~# {
##....##.#~♣~P~~♣###
.####..#..#~~~~~...#
...###......♣P~###.# .
##.###....###.####.## ...
..<.÷..#........##..##.....
.............÷..Y@÷....#
.......#........####.###
................### ...
.####........†>...###...#
..# #..##...............#
#.# ##..........#.###...#
#.# ###...........# ###
#.#######[...........
...#.....#######......
..........## ......
.........!.# .....
........P~.# ##
......~~~♣P# ......~~~~.#
...>....~~.# ...........#
..........## ..##.....## ##
#######


You could see a yak.

Vanquished Creatures
  Maggie (D:6)
  Psyche (D:8)
  A shadow (D:7)
  A wraith (D:10)
  6 yaks (D:8)
  3 wyverns (D:8)
  A steam dragon (D:5)
  Edmund (D:3)
  5 water moccasins
  An orc warrior (D:6)
  2 sky beasts (D:6)
  2 ice beasts
  2 ogres
  4 centaurs
  4 kobold brigands (D:6)
  2 bullfrogs
  A gnoll sergeant (D:7)
  4 scorpions
  2 electric eels (D:8)
  5 howler monkeys
  5 hounds
  7 jellies
  2 orc priests
  A gnoll bouda (D:7)
  2 orc wizards (D:7)
  A sleepcap (D:6)
  3 iguanas
  Robin (D:2)
  9 gnolls
  6 adders
  A shadow imp (D:5)
  A white imp (D:8)
  3 ufetubi
  2 worms (D:2)
  12 orcs
  6 ball pythons
  9 bats
  7 endoplasms
  4 giant cockroaches
  13 goblins
  11 hobgoblins
  8 jackals
  5 quokkas
  3 frilled lizards
  8 kobolds
  5 rats
184 creatures vanquished.

Vanquished Creatures (others)
  A fungus (D:9)
  26 plants
  9 toadstools (D:6)
36 creatures vanquished.

Grand Total: 220 creatures vanquished

Notes
Turn   | Place    | Note
-------+----------+-------------------------------------------
     0 | D:5      | petzl the Formicid Delver began the quest for the Orb.
     0 | D:5      | Reached XP level 1. HP: 18/18 MP: 1/1
    11 | D:5      | Reached XP level 2. HP: 20/24 MP: 2/2
    55 | D:4      | Noticed Eustachio
    67 | D:4      | Noticed Edmund
    77 | D:3      | Identified the ring "Miotoc" {Fire Int+5 Dex-3}
   288 | D:3      | Reached skill level 1 in Spellcasting
   391 | D:2      | Reached XP level 3. HP: 24/29 MP: 3/5
   537 | D:2      | Found a glowing silver altar of Zin.
   658 | D:2      | Found a faded altar of an unknown god.
  1150 | D:1      | Reached XP level 4. HP: 35/35 MP: 7/7
  1893 | D:2      | Learned a level 4 spell: Sticky Flame
  1900 | D:2      | Noticed Robin
  2222 | D:2      | Killed Robin
  2223 | D:2      | Reached XP level 5. HP: 33/41 MP: 9/9
  2447 | D:3      | Reached skill level 1 in Fire Magic
  2596 | D:3      | Found an iron altar of Okawaru.
  2627 | D:4      | Noticed an ogre
  3186 | D:3      | Killed Edmund
  3187 | D:3      | Reached skill level 1 in Ranged Weapons
  3187 | D:3      | Reached skill level 1 in Conjurations
  3187 | D:3      | Reached XP level 6. HP: 38/48 MP: 11/11
  3244 | D:4      | Found a staircase to the Ecumenical Temple.
  3430 | Temple   | Entered the Ecumenical Temple
  3473 | Temple   | Became a worshipper of Vehumet
  3611 | D:4      | Killed an ogre
  3774 | D:4      | Reached XP level 7. HP: 49/52 MP: 12/12
  3843 | D:4      | Identified the +0 robe of the Vacuum {+Inv rC++ Regen+
                  | Dex-2}
  4088 | D:5      | Noticed a water moccasin
  4209 | D:5      | Reached skill level 7 in Stealth
  4344 | D:5      | Learned a level 5 spell: Freezing Cloud
  4375 | D:5      | Reached skill level 1 in Shields
  4404 | D:5      | Learned a level 1 spell: Sting
  4407 | D:5      | Learned a level 2 spell: Poisonous Vapours
  4613 | D:6      | Reached XP level 8. HP: 61/61 MP: 14/14
  4630 | D:5      | Reached skill level 1 in Ice Magic
  4630 | D:5      | Reached skill level 1 in Poison Magic
  5076 | D:5      | Reached skill level 1 in Air Magic
  5750 | D:6      | Noticed Maggie
  5934 | D:5      | Reached skill level 5 in Fighting
  6036 | D:6      | Reached XP level 9. HP: 59/68 MP: 15/15
  6110 | D:7      | Found Toys's Antique Weapon Emporium.
  6169 | D:7      | Found Tionom's Distillery.
  6173 | D:7      | Found Keuwap's Weapon Boutique.
  6177 | D:7      | Bought a potion of degeneration for 16 gold pieces
  6180 | D:7      | Found Tucebbihoe's Jewellery Boutique.
  6180 | D:7      | Found Dadilamo's Weapon Boutique.
  6302 | D:6      | Reached * piety under Vehumet
  6302 | D:6      | Offered knowledge of Foxfire by Vehumet.
  6352 | D:6      | Found a white marble altar of Elyvilon.
  6434 | D:6      | You fall into a shaft and drop 1 floor!
  6481 | D:7      | Reached skill level 8 in Stealth
  6549 | D:8      | Found a sacrificial altar of Ru.
  6756 | D:7      | Reached skill level 5 in Spellcasting
  6897 | D:6      | You fall into a shaft and drop 3 floors!
  6901 | D:9      | Noticed a kobold demonologist
  6997 | D:8      | Noticed Psyche
  7049 | D:7      | Found the Hermit's Pendant {Faith Invo=14 Evo=0 MP+5}
  7938 | D:6      | Killed Maggie
  7939 | D:6      | Reached XP level 10. HP: 30/76 MP: 10/17
  8246 | D:6      | Reached ** piety under Vehumet
  8246 | D:6      | Offered knowledge of Static Discharge by Vehumet.
  8300 | D:6      | HP: 2/76 [slime creature (11)]
  8301 | D:6      | You fall into a shaft and drop 3 floors!
  8389 | D:10     | Entered Level 10 of the Dungeon
  8594 | D:8      | You fall into a shaft and drop 2 floors!
  8754 | D:8      | Noticed a cyclops
  8777 | D:7      | Reached skill level 5 in Fire Magic
  8947 | D:8      | Reached skill level 5 in Conjurations
  9093 | D:8      | Killed Psyche
  9271 | D:8      | Reached XP level 11. HP: 76/81 MP: 13/20
  9327 | D:8      | Killed by miscasting Sticky Flame

Illustrated notes

Levels and vault maps discovered:
D:1:      tarquinn_simple_flora_water_e, layout_rooms
D:2:      layout_basic, ebering_ecumenical_altar_box, basic_altar,
          item_on_display_a, uniq_robin
D:3:      layout_loops_ring, okawaru_metal_pillars_1_2, dk_noncrumbling_3,
          minmay_misc_feat_room, wander_ebering_terrifying_dragon_lair
D:4:      layout_rooms, minmay_temple_entry_glass, uniq_edmund, uniq_eustachio
D:5:      layout_cave_pods
D:6:      cheibrodos_fertilizer, layout_basic, marbit_many_paths,
          kennysheep_generic_room_16, uniq_maggie
D:7:      layout_rooms, serial_shops, nicolae_take_the_stairs,
          minmay_shop_grid_forest, kennysheep_cluttered_room
D:8:      kennysheep_six_static_rooms, layout_rooms, nicolae_ru_awakened_eye,
          serial_bayou, serial_bayou_pond_d, serial_bayou_shore_a,
          serial_bayou_lake_a, serial_bayou_pond_e, uniq_psyche
D:9:      layout_stronghold, minmay_lair_entry_grove, uniq_maurice,
          uniq_prince_ribbit1
D:10:     kennysheep_seaside_town, layout_basic, minmay_diced_spiral
Temple:   hellmonk_temple_of_storms

Skill      XL: |  1  2  3  4  5  6  7  8  9 10 |
---------------+-------------------------------+-----
Dodging        | 2 |  2.0
Spellcasting   | 1 2 3 4 5 6 |  6.5
Fire Magic     | 1 2 3 4 6 |  6.3
Fighting       | 4 5 |  5.8
Ranged Weapons | 1 2 3 |  3.9
Conjurations   | 1 2 3 6 |  6.3
Stealth        | 7 8 |  8.4
Shields        | 1 2 4 |  4.0
Ice Magic      | 2 3 |  3.6
Poison Magic   | 2 4 |  4.0
Air Magic      | 1 2 3 |  3.0
Maces & Flails | |  2.2

Action                     |  1- 3 |  4- 6 |  7- 9 | 10-12 || total
---------------------------+-------+-------+-------+-------++-------
  Melee: Mace              |   115 |   114 |       |       ||   229
         Punch             |     1 |     3 |     8 |     2 ||    14
         Dagger            |       |    67 |   211 |    72 ||   350
         Flail             |       |       |    53 |    68 ||   121
         Long sword        |       |       |       |    14 ||    14
   Fire: Sling             |       |    41 |   131 |    12 ||   184
         Shortbow          |       |       |       |    24 ||    24
   Cast: Poisonous Vapours |       |       |     5 |     2 ||     7
         Sticky Flame      |       |       |       |    13 ||    13
Ability: Dig               |       |     3 |     2 |       ||     5
         Shaft Self        |       |       |     2 |     2 ||     4
  Evoke: Wand              |       |       |       |     2 ||     2
    Use: Scroll            |     1 |     8 |     4 |     3 ||    16
         Potion            |       |     4 |     2 |     2 ||     8
   Stab: Sleeping          |     9 |     3 |     1 |       ||    13
         Invisible         |       |       |       |     1 ||     1
 Armour: Leather armour    |    52 |    22 |       |       ||    74
         Ring mail         |       |    22 |   139 |    59 ||   220
  Dodge: Dodged            |    90 |   156 |   214 |   116 ||   576

Table legend: (Time is in decaauts)
 A = Elapsed time spent in this place.
 B = Non-inter-level travel time spent in this place.
 C = Inter-level travel time spent in this place.
 D = Time resting spent in this place.
 E = Time spent auto-exploring this place.
 F = Levels seen in this place.
 G = Mean time per level.
                   A        B        C        D        E       F      G
               +--------+--------+--------+--------+--------+-----+--------+
         Total |   9491 |   8587 |    904 |   1166 |   3482 |  11 |  862.8 |
       Dungeon |   9437 |   8550 |    887 |   1166 |   3464 |  10 |  943.7 |
        Temple |     53 |     36 |     17 |      0 |     18 |   1 |   53.0 |
               +--------+--------+--------+--------+--------+-----+--------+

Top non-repeatable levels by time:
     D:5: 1675 daAuts
     D:6: 1385 daAuts
     D:2: 1287 daAuts
     D:3: 1181 daAuts
     D:8: 1037 daAuts
     D:7: 1031 daAuts
     D:1: 907 daAuts
     D:4: 628 daAuts
     D:9: 194 daAuts
    D:10: 109 daAuts
  Temple: 53 daAuts
